 Dungeon Crawl Stone Soup version 0.28.0-53-g5a82cb258f (webtiles) character file.

Game seed: 5172349265880321463

74 Zeld the Ogre Mage (level 4, -6/44 HPs)
             Began as an Ogre Transmuter on May 22, 2022.
             Mangled by Natasha (9 damage)
             ... on level 2 of the Dungeon.
             The game lasted 00:02:33 (1738 turns).

Zeld the Ogre Mage (Ogre Transmuter)                Turns: 1738, Time: 00:02:33

Health: -6/44      AC:  3    Str: 16    XL:     4   Next: 28%
Magic:  8/8        EV: 10    Int: 14    God:
Gold:   71         SH:  0    Dex:  9    Spells: 3/9 levels left

rFire   . . .      SeeInvis .     - Unarmed
rCold   . . .      Faith    .   (no shield)
rNeg    . . .      Spirit   .   a - +0 robe
rPois   .          Reflect  .   (helmet currently unavailable)
rElec   .          Harm     .   (no cloak)
rCorr   .          Rampage  .   (gloves unavailable)
Will    .....                   (boots unavailable)
Stlth   +.........              (no amulet)
HPRegen 0.14/turn               (no ring)
MPRegen 0.11/turn               (no ring)

@: lethally poisoned (-6 -> -9), appendages
A: horns 2, talons 2, large, unfitting armour, tough skin 1
a: End Transformation


You were on level 2 of the Dungeon.
You had temporarily grown beastly horns and talons.
You visited 1 branch of the dungeon, and saw 2 of its levels.

You collected 71 gold pieces.

Inventory:

Armour
 a - a +0 robe (worn)
Scrolls
 b - a scroll of enchant armour {unknown}
 c - 2 scrolls of blinking {unknown}
 d - 2 scrolls of teleportation {unknown}
Potions
 e - a potion of heal wounds {unknown}


   Skills:
 + Level 2.4 Fighting
 + Level 2.2 Dodging
 - Level 2.6 Unarmed Combat
 * Level 3.3 Spellcasting
 * Level 2.6 Transmutations
 + Level 0.6 Poison Magic


You had 3 spell levels left.
You knew the following spells:

 Your Spells              Type           Power      Damage    Failure   Level
a - Beastly Appendage     Tmut           18%        N/A       7%          1
b - Wereblood             Tmut           9%         N/A       11%         2
x - Spider Form           Tmut/Pois      6%         N/A       32%         3

Your spell library contained the following spells:

 Spells                   Type           Power      Damage    Failure   Level
 Slow                     Hex            8%         N/A       22%         1
 Confusing Touch          Hex            2%         N/A       54%         3
 Vampiric Draining        Necr           2%         2d6       54%         3
 Ice Form                 Ice/Tmut       6%         N/A       77%         4


Dungeon Overview and Level Annotations

Branches:
Dungeon (2/15)

Altars:

Annotations:
D:2 Natasha


Innate Abilities, Weirdness & Mutations

You have temporarily grown beastly horns and talons.
You are too large for most types of armour.
You have tough skin. (AC +1)


Message History

You miss the adder. Your kick misses the adder.
The adder is heavily wounded.
Natasha extends her claws.
The adder bites you.
You are poisoned.
The adder poisons you!
You closely miss the adder. Your kick misses the adder.
The adder is heavily wounded.
You feel sick. The adder closely misses you.
You barely miss the adder. Your kick misses the adder.
Your headbutt misses the adder. You punch the adder.
The adder is severely wounded.
You feel sick. The adder closely misses you. The adder bites you.
* * * LOW HITPOINT WARNING * * *
You are more poisoned.
The adder poisons you!
You hit the adder but do no damage. You headbutt the adder.
You kill the adder!
You feel sick.
Unknown command.
You closely miss Natasha. You claw Natasha.
Natasha is lightly wounded.
You feel sick. Natasha claws you.
* * * LOW HITPOINT WARNING * * *
Unknown command.
You hit Natasha. You claw Natasha.
Natasha is severely wounded.
* * * LOW HITPOINT WARNING * * *
You feel sick. Natasha misses you.
Unknown command.
You closely miss Natasha. Your kick misses Natasha.
Natasha is severely wounded.
* * * LOW HITPOINT WARNING * * *
You feel sick. Natasha barely misses you.
Unknown command.
You barely miss Natasha. You punch Natasha, but do no damage.
Natasha is severely wounded.
* * * LOW HITPOINT WARNING * * *
You feel sick. Natasha claws you!
You die...

#............#
#............#
#............#
#............##
#.....)........
#.......†...###
#####..........
##h#########.#
#@#######.#.#
#.........#.#
#########.#.#
#.#.# #.#.#
#.#.######
#.........
#.........
##########


You could see Natasha.

Vanquished Creatures
  Natasha (D:2)
  An adder (D:2)
  A dart slug (D:2)
  3 bats (D:1)
  3 endoplasms
  2 hobgoblins
  4 jackals (D:2)
  2 quokkas (D:2)
  9 ball pythons
  4 frilled lizards
  7 kobolds
  2 rats
39 creatures vanquished.

Notes
Turn   | Place    | Note
-------+----------+-------------------------------------------
     0 | D:1      | Zeld the Ogre Transmuter began the quest for the Orb.
     0 | D:1      | Reached XP level 1. HP: 19/19 MP: 3/3
   378 | D:1      | Reached XP level 2. HP: 27/28 MP: 5/5
   388 | D:1      | Found a faded altar of an unknown god.
   707 | D:1      | Learned a level 2 spell: Wereblood
   975 | D:1      | Reached skill level 3 in Spellcasting
  1260 | D:2      | Reached XP level 3. HP: 35/35 MP: 5/7
  1264 | D:2      | Learned a level 3 spell: Spider Form
  1412 | D:2      | Noticed Natasha
  1418 | D:2      | Killed Natasha
  1677 | D:2      | Reached XP level 4. HP: 27/44 MP: 6/8
  1722 | D:2      | Noticed Natasha
  1738 | D:2      | Mangled by Natasha

Illustrated notes

Levels and vault maps discovered:
D:1:      nicolae_arrival_somewhat_less_tricky_arrival, layout_rooms,
          chequers_ecumenical_altar_lobes
D:2:      layout_basic, minmay_misc_feat_iff, corexii_leaking_fountain,
          kennysheep_pointless_box, uniq_natasha

Skill      XL: |  1  2 |
---------------+-------+-----
Transmutations | 2 |  2.6
Fighting       | 2 |  2.4
Dodging        | 2 |  2.2
Spellcasting   | 3 |  3.3
Unarmed Combat | |  2.6
Poison Magic   | |  0.6

Action                   |  1- 3 |  4- 6 || total
-------------------------+-------+-------++-------
Melee: Unarmed           |    76 |    27 ||   103
       Kick              |    18 |     4 ||    22
       Headbutt          |    10 |     5 ||    15
       Punch             |     2 |     2 ||     4
 Cast: Beastly Appendage |    29 |     2 ||    31
 Stab: Sleeping          |     1 |       ||     1
Armor: Robe              |    39 |     4 ||    43
Dodge: Dodged            |    42 |    15 ||    57
